 Dungeon Crawl Stone Soup version 0.32-a0-468-g38b2580584 (webtiles) character file.

Game seed: 8168438465033278219

1862 Strat the Basher (level 8, -3/70 HPs)
             Began as a Mountain Dwarf Fighter on Feb 24, 2024.
             Was a Follower of Okawaru.
             Slain by Joseph
             ... wielding a +0 quarterstaff
              (12 damage)
             ... on level 9 of the Dungeon.
             The game lasted 00:12:28 (6862 turns).

Strat the Basher (Mountain Dwarf Fighter)           Turns: 6862, Time: 00:12:28

Health: -3/70      AC: 17    Str: 21    XL:     8   Next: 90%
Magic:  7/8        EV:  6    Int:  9    God:    Okawaru [*.....]
Gold:   290        SH:  4    Dex:  9    Spells: 6/7 levels left

rFire   + . .        a - +0 flail
rCold   + . .        c - +0 buckler
rNeg    . . .        l - +0 plate armour
rPois   +            (no helmet)
rElec   +            m - +0 cloak
rCorr   +            h - +1 pair of gloves
SInv    .            o - +0 pair of boots
Will    .....        (no amulet) Stlth
                     f - ring of wizardry
HPRegen 0.31/turn    (no ring)
MPRegen 0.11/turn

%: wizardry (x1)
@: resistant
A: runic magic, artefact enchanting
a: Renounce Religion, Heroism


You were on level 9 of the Dungeon.
You worshipped Okawaru.
Okawaru was aware of your devotion.
You visited 2 branches of the dungeon, and saw 9 of its levels.

You collected 290 gold pieces.

Inventory:

Hand Weapons
 a - a +0 flail (weapon)
Armour
 b - a +0 scale mail
 c - a +0 buckler (worn)
 h - a +1 pair of gloves (worn)
 l - a +0 plate armour (worn)
 m - a +0 cloak (worn)
 o - a +0 pair of boots (worn)
 q - a +0 chain mail
Jewellery
 f - a ring of wizardry (left hand)
Wands
 i - a wand of flame (12)
 r - a wand of polymorph (6)
Scrolls
 j - a scroll of fog
Potions
 k - a potion of cancellation
 p - a potion of brilliance


   Skills:
 - Level 6.0 Fighting
 * Level 11.9 Maces & Flails
 + Level 5.4 Armour
 - Level 3.2 Shields


You had 6 spell levels left.
You knew the following spells:

 Your Spells              Type           Power      Damage    Failure   Level
a - Sandblast             Erth           0%         2d4       38%         1

Your spell library contained the following spells:

 Spells                   Type           Power      Damage    Failure   Level
 Jinxbite                 Hex            0%         N/A       52%         2
 Lesser Beckoning         Tloc           0%         N/A       52%         2
 Inner Flame              Hex/Fire       0%         N/A       75%         3
 Passwall                 Erth           0%         N/A       75%         3
 Stone Arrow              Conj/Erth      0%         3d7       75%         3
 Volatile Blastmotes      Fire/Tloc      0%         2d10      75%         3
 Brom's Barrelling Bould  Conj/Erth      0%         2d3       98%         4
 Flame Wave               Conj/Fire      0%         2d4       98%         4
 Fulminant Prism          Conj/Alch      0%         3d5       98%         4
 Iskenderun's Mystic Bla  Conj/Tloc      0%         2d3       98%         4
 Sticky Flame             Fire/Alch      0%         2d4       98%         4
 Iskenderun's Battlesphe  Conj           0%         2d6       100%        5
 Yara's Violent Unravell  Hex/Alch       0%         3d3       100%        5
 Enfeeble                 Hex            0%         N/A       100%        7
 Summon Small Mammal      Summ           Unusable   N/A       N/A         1
 Call Canine Familiar     Summ           Unusable   N/A       N/A         3
 Summon Blazeheart Golem  Fire/Summ      Unusable   N/A       N/A         4

Dungeon Overview and Level Annotations

Branches:
Dungeon (7/15)             Temple (1/1) D:6

Altars:
Ashenzari
Cheibriados
Dithmenos
Fedhas
Gozag
Hepliaklqana
Kikubaaqudgha
Makhleb
Nemelex Xobeh
Okawaru
Qazlal
Ru
Sif Muna
Trog
Uskayaw
Vehumet
Wu Jian
Yredelemnul
Zin
The Shining One

Shops:
D:4 *   D:5 *

Annotations:
D:3 3 runed translucent doors, Arkalis's ghost, amateur KoHu; gebbletook2's ghost, amateur OpSh
D:9 Joseph


Innate Abilities, Weirdness & Mutations

Your spellcasting is much less encumbered by armour.
You can use scrolls of enchantment on lesser artefacts.


Message History

Joseph unwields a +0 quarterstaff.
Joseph wields a +0 sling.
Joseph shoots a sling bullet.
The sling bullet hits you!
* * * LOW HITPOINT WARNING * * *
Joseph unwields a +0 sling.
Joseph wields a +0 quarterstaff.
Joseph closely misses you.
Things that are here:
a +3 war axe of freezing; a +0 robe You hit Joseph but do no damage.
You barely miss Joseph.
Joseph tries to grin evilly.
Joseph hits you with a +0 quarterstaff.
* * * LOW HITPOINT WARNING * * *
You barely miss Joseph. You thump Joseph!
Joseph is lightly wounded.
You block Joseph's attack.
You sock Joseph!
Joseph is moderately wounded.
Joseph barely misses you.
You hit Joseph but do no damage.
Joseph is moderately wounded.
You feel like a meek peon again. Joseph hits you but does no damage.
You hit Joseph but do no damage.
Joseph is moderately wounded.
You hit Joseph.
Joseph is moderately wounded.
You block Joseph's attack.
You closely miss Joseph.
Joseph is moderately wounded.
Joseph barely misses you.
You hit Joseph.
Joseph is moderately wounded.
Joseph hits you with a +0 quarterstaff!
* * * LOW HITPOINT WARNING * * *
You hit Joseph.
Joseph is moderately wounded.
Joseph says, "You will never get the ORB, sorry."
Joseph hits you with a +0 quarterstaff!
You die...

#.# ... #.# #.# ####
#.# #... ##.#####.##
#..........
###########.#######+#
#..@@.......#
#.#########.# #.###
#.# #.).# #.# ###)#
#.# #)# #.# #.# #.+
#.# .# ..#


You could see Joseph.

Vanquished Creatures
  A wyvern (D:6)
  A steam dragon (D:6)
  An ice beast (D:5)
  A tengu (D:4)
  An orc warrior (D:9)
  An ogre (D:6)
  2 centaurs
  4 scorpions
  5 wights (D:9)
  A hound (D:3)
  2 bombardier beetles
  A gnoll bouda (D:4)
  2 jellies
  An orc priest (D:5)
  3 iguanas
  Jessica (D:3)
  3 orc wizards
  7 gnolls
  7 adders
  A ribbon worm (D:2)
  A dart slug (D:5)
  9 orcs
  10 bats
  6 endoplasms
  3 goblins
  3 hobgoblins
  7 jackals
  3 quokkas
  3 ball pythons (D:1)
  4 frilled lizards
  4 kobolds
  9 rats
108 creatures vanquished.

Vanquished Creatures (others)
  An adder (D:6)
  A kobold (D:3)
2 creatures vanquished.

Grand Total: 110 creatures vanquished

Notes
Turn   | Place    | Note
-------+----------+-------------------------------------------
     0 | D:1      | Strat the Mountain Dwarf Fighter began the quest for the
                  | Orb.
     0 | D:1      | Reached XP level 1. HP: 19/19 MP: 1/1
    74 | D:1      | Reached skill level 3 in Maces & Flails
    84 | D:1      | Reached XP level 2. HP: 22/26 MP: 2/2
   118 | D:1      | Found a faded altar of an unknown god.
   455 | D:1      | Reached skill level 4 in Maces & Flails
   910 | D:2      | Reached XP level 3. HP: 31/31 MP: 3/3
  1232 | D:2      | Reached skill level 5 in Maces & Flails
  1239 | D:2      | Found a stormy altar of Qazlal.
  1623 | D:2      | Reached XP level 4. HP: 38/38 MP: 4/4
  2115 | D:3      | Noticed Jessica
  2164 | D:3      | Killed Jessica
  2165 | D:3      | Reached skill level 6 in Maces & Flails
  2205 | D:3      | Got the Annotations on the Puissant Manifold
  2283 | D:3      | Reached XP level 5. HP: 44/45 MP: 5/5
  2352 | D:3      | Found an ancient bone altar of Kikubaaqudgha.
  2586 | D:3      | Found a runed translucent gate.
  2586 | D:3      | Found a runed translucent gate.
  2586 | D:3      | Found a runed translucent gate.
  2587 | D:3      | Noticed Arkalis's ghost (amateur KoHu)
  2588 | D:3      | Noticed gebbletook2's ghost (amateur OpSh)
  2720 | D:4      | Learned a level 1 spell: Sandblast
  2944 | D:4      | Reached skill level 7 in Maces & Flails
  3095 | D:4      | Reached XP level 6. HP: 52/52 MP: 6/6
  3263 | D:4      | Noticed an ice beast
  3266 | D:4      | an ice beast changed into a tengu
  3408 | D:4      | Found Iryid's Assorted Antiques.
  3471 | D:4      | Reached skill level 8 in Maces & Flails
  4006 | D:5      | Entered Level 5 of the Dungeon
  4102 | D:5      | Reached skill level 5 in Fighting
  4102 | D:5      | Reached XP level 7. HP: 39/61 MP: 7/7
  4407 | D:5      | Found a glowing golden altar of the Shining One.
  4458 | D:5      | Reached skill level 9 in Maces & Flails
  4579 | D:5      | Found Zymmanid's Elemental Accessories.
  4934 | D:6      | Found a staircase to the Ecumenical Temple.
  5060 | Temple   | Entered the Ecumenical Temple
  5069 | Temple   | Became a worshipper of Warmaster Okawaru
  5190 | D:6      | a water moccasin changed into a wyvern
  5190 | D:6      | Noticed a wyvern
  5353 | D:6      | Reached skill level 10 in Maces & Flails
  5353 | D:6      | Reached XP level 8. HP: 70/70 MP: 8/8
  5544 | D:5      | HP: 2/70 [poisoned by an orc wizard]
  5918 | D:6      | HP: 2/70 [steam dragon (9)]
  6160 | D:6      | Reached skill level 11 in Maces & Flails
  6429 | D:6      | Reached * piety under Okawaru
  6431 | D:6      | Found an ancient bone altar of Kikubaaqudgha.
  6712 | D:7      | You fall into a shaft and drop 2 floors!
  6714 | D:9      | Noticed Joseph
  6817 | D:9      | Reached skill level 5 in Armour
  6862 | D:9      | Slain by Joseph

Illustrated notes

Levels and vault maps discovered:
D:1:      amcnicky_arrival_wind_blow, layout_loops_corners,
          ebering_ecumenical_altar_box
D:2:      layout_basic, basic_altar, serial_co_window_serial,
          co_window_corner_a, co_window_paths_b, co_window_paths_a,
          co_window_of_opportunity_a, co_window_paths_a, co_window_corner_a,
          co_window_of_opportunity_a, co_window_2corner, co_window_cross_4,
          co_window_corner_ca, co_window_paths_c, co_window_unsneaky_path_d,
          glass_columns_b, glass_columns_c, glass_columns_b
D:3:      layout_rooms, nicolae_kikubaaqudgha_miasma_corner,
          gammafunk_ghost_cemetery, uniq_jessica
D:4:      layout_basic, serial_shops, shop, saegor_snake_ambush
D:5:      layout_loops_ring, mainiacjoe_overflow_six_doors_small,
          nicolae_elemental_shop, chequers_serial_rivers_room_a, nicolae_titane
D:6:      layout_basic, minmay_temple_entry_trees, hangedman_decor_push,
          kennysheep_diamond, solitary_fountain, minmay_stone_trees_small
D:7:      layout_loops_corners, minmay_small_thing, uniq_jeremiah
D:9:      layout_loops_corners, david_orc_2, minmay_door_square, uniq_joseph
Temple:   nicolae_temple_bog_church

Skill      XL: |  1  2  3  4  5  6  7  8 |
---------------+-------------------------+-----
Maces & Flails | 3 4 5 6 7 8 10 11 | 11.9
Fighting       | 4 5 6 |  6.0
Armour         | 5 |  5.4
Shields        | |  3.2

Action                     |  1- 3 |  4- 6 |  7- 9 || total
---------------------------+-------+-------+-------++-------
  Melee: Flail             |   106 |   226 |   226 ||   558
 Invoke: Heroism           |       |       |     2 ||     2
  Evoke: Wand              |       |     3 |     8 ||    11
    Use: Scroll            |       |     8 |     9 ||    17
         Potion            |       |     1 |     6 ||     7
 Armour: Scale mail        |    76 |     5 |       ||    81
         Chain mail        |       |   187 |    59 ||   246
         Plate armour      |       |       |   142 ||   142
  Dodge: Dodged            |    60 |    88 |    46 ||   194
  Block: Buckler           |    25 |    40 |    35 ||   100

Table legend: (Time is in decaauts)
 A = Elapsed time spent in this place.
 B = Non-inter-level travel time spent in this place.
 C = Inter-level travel time spent in this place.
 D = Time resting spent in this place.
 E = Time spent auto-exploring this place.
 F = Levels seen in this place.
 G = Mean time per level.
                   A        B        C        D        E       F      G
               +--------+--------+--------+--------+--------+-----+--------+
         Total |   6884 |   6454 |    430 |   1194 |   3662 |   9 |  764.9 |
       Dungeon |   6868 |   6438 |    430 |   1194 |   3662 |   8 |  858.5 |
        Temple |     15 |     15 |      0 |      0 |      0 |   1 |   15.0 |
               +--------+--------+--------+--------+--------+-----+--------+

Top non-repeatable levels by time:
     D:4: 1390 daAuts
     D:5: 1387 daAuts
     D:6: 1251 daAuts
     D:1: 1162 daAuts
     D:2: 942 daAuts
     D:3: 567 daAuts
     D:9: 119 daAuts
     D:7: 47 daAuts
  Temple: 15 daAuts
